 Dungeon Crawl Stone Soup version 0.32-a0-871-ge202e49faa (webtiles) character file.

Game seed: 15495519150069433418

83 timneilson the Sneak (level 4, 0/25 HPs)
             Began as a Kobold Enchanter on Mar 29, 2024.
             Frozen to death by an endoplasm (3 damage)
             ... on level 2 of the Dungeon.
             The game lasted 00:03:36 (1188 turns).

timneilson the Sneak (Kobold Enchanter)             Turns: 1188, Time: 00:03:36

Health: 0/25       AC:  3    Str:  5    XL:     4   Next: 71%
Magic:  7/7        EV: 15    Int: 16    God:
Gold:   55         SH:  0    Dex: 17    Spells: 7/7 levels left

rFire   . . .        a - +1 dagger
rCold   . . .        (no shield)
rNeg    . . .        b - +0 robe
rPois   .            (no helmet)
rElec   .            (no cloak)
rCorr   .            e - +0 pair of gloves
SInv    .            (no boots)
Will    .....        (no amulet)
Stlth   ++++         (no ring)
HPRegen 0.24/turn    (no ring)
MPRegen 0.10/turn

%: no passive effects
@: no status effects
A: small, no large weapons, nightstalker 3
a: no special abilities


You were on level 2 of the Dungeon.
You visited 1 branch of the dungeon, and saw 2 of its levels.

You collected 55 gold pieces.

Inventory:

Hand Weapons
 a - a +1 dagger (weapon)
Armour
 b - a +0 robe (worn)
 e - a +0 pair of gloves (worn)
Scrolls
 d - a scroll of amnesia
 f - a scroll of blinking {unknown}
 g - a scroll of identify
Potions
 c - 2 potions of invisibility
 h - a potion of curing
 i - a potion of attraction {unknown}


   Skills:
 + Level 1.3 Fighting
 * Level 3.0 Short Blades
 + Level 0.9 Armour
 * Level 3.6 Dodging
 + Level 4.5 Stealth
 - Level 2.1 Spellcasting
 - Level 3.0 Hexes


You had 7 spell levels left.
You didn't know any spells.
Your spell library contained the following spells:

 Spells                   Type           Power      Damage    Failure   Level
 Ensorcelled Hibernation  Hex/Ice        12%        N/A       17%         2
 Confusing Touch          Hex            11%        N/A       19%         3
 Tukima's Dance           Hex            11%        N/A       19%         3
 Dazzling Flash           Conj/Hex       12%        N/A       32%         3


Dungeon Overview and Level Annotations

Branches:
Dungeon (2/15)

Altars:


Innate Abilities, Weirdness & Mutations

You are small and have problems with some larger weapons.
You are completely attuned to the shadows.


Message History

The quokka barely misses you.
You barely miss the quokka.
The quokka is severely wounded.
The adder bites you.
You are poisoned.
The adder poisons you! The quokka closely misses you.
You hit the adder.
The adder is moderately wounded.
You feel sick. The adder completely misses you. The quokka misses you.
The rat misses you. The adder barely misses you.
You hit the adder.
The adder is moderately wounded.
The quokka bites you but does no damage.
The rat misses you. The endoplasm barely misses you.
The adder closely misses you.
You hit the adder.
The adder is severely wounded.
You feel sick. The quokka barely misses you. The endoplasm hits you.
The rat closely misses you. The adder closely misses you. The quokka bites you.
You hit the adder.
The adder is almost dead.
You feel sick. The adder closely misses you. The endoplasm barely misses you.
The rat barely misses you. The quokka misses you.
You completely miss the adder.
The adder is almost dead.
You feel sick. The adder bites you. The rat completely misses you.
The quokka bites you.
* * * LOW HITPOINT WARNING * * *
The endoplasm freezes you.
You are frozen.
* * * LOW HITPOINT WARNING * * *
You hit the adder but do no damage.
The adder is almost dead.
You feel sick.
You are no longer poisoned.
The adder closely misses you.
The quokka bites you but does no damage.
The endoplasm freezes you.
You are frozen.
You die...

#....##.#######
#....##+#####
#...........#
#...........#
#...........#
#...........#
##.........#
#.$.r.....#
#....@.....
#...JSr...
#.........
.........
.........


You could see an adder, an endoplasm, a quokka and a rat.

Vanquished Creatures
  Natasha (D:2)
  2 adders (D:2)
  2 dart slugs (D:1)
  3 endoplasms
  3 goblins
  2 hobgoblins (D:1)
  6 jackals (D:1)
  2 quokkas (D:1)
  3 ball pythons (D:1)
  A bat (D:1)
  3 frilled lizards
  4 kobolds (D:1)
  6 rats (D:1)
38 creatures vanquished.

Notes
Turn   | Place    | Note
-------+----------+-------------------------------------------
     0 | D:1      | timneilson the Kobold Enchanter began the quest for the
                  | Orb.
     0 | D:1      | Reached XP level 1. HP: 10/10 MP: 3/3
    49 | D:1      | Reached XP level 2. HP: 15/15 MP: 5/5
   403 | D:1      | Reached XP level 3. HP: 11/20 MP: 6/6
   733 | D:1      | Reached skill level 1 in Fighting
   916 | D:2      | Noticed Natasha
   918 | D:2      | Killed Natasha
   919 | D:2      | Reached XP level 4. HP: 25/25 MP: 7/7
  1188 | D:2      | Frozen to death by an endoplasm

Illustrated notes

Levels and vault maps discovered:
D:1:      dpeg_arrival_round_c, layout_loops_ring
D:2:      minmay_recursive_quarters, layout_basic, serial_shops, shop,
          uniq_jessica, uniq_natasha

Skill      XL: |  1  2  3  4 |
---------------+-------------+-----
Short Blades   | 2 3 |  3.0
Dodging        | 3 |  3.6
Fighting       | 1 |  1.3
Armour         | |  0.9
Stealth        | |  4.5
Spellcasting   | |  2.1
Hexes          | |  3.0

Action                     |  1- 3 |  4- 6 || total
---------------------------+-------+-------++-------
  Melee: Dagger            |   103 |    33 ||   136
    Use: Scroll            |     5 |       ||     5
   Stab: Sleeping          |    10 |     2 ||    12
 Armour: Robe              |    30 |    17 ||    47
  Dodge: Dodged            |    63 |    41 ||   104

Table legend: (Time is in decaauts)
 A = Elapsed time spent in this place.
 B = Non-inter-level travel time spent in this place.
 C = Inter-level travel time spent in this place.
 D = Time resting spent in this place.
 E = Time spent auto-exploring this place.
 F = Levels seen in this place.
 G = Mean time per level.
                   A        B        C        D        E       F      G
               +--------+--------+--------+--------+--------+-----+--------+
         Total |   1172 |   1164 |      8 |     21 |    822 |   2 |  586.0 |
       Dungeon |   1172 |   1164 |      8 |     21 |    822 |   2 |  586.0 |
               +--------+--------+--------+--------+--------+-----+--------+

Top non-repeatable levels by time:
     D:1: 905 daAuts
     D:2: 266 daAuts
